 Dungeon Crawl Stone Soup version 0.31-a0-117-g42d8f58691 (webtiles) character file.

Game seed: 7927154821039919141

81 Sans23 the Insei (level 4, -10/31 HPs)
             Began as a Human Wanderer on May 30, 2023.
             Mangled by a kobold
             ... wielding a +0 short sword of distortion
              (25 damage)
             ... on level 3 of the Dungeon.
             The game lasted 00:08:43 (1946 turns).

Sans23 the Insei (Human Wanderer)                   Turns: 1946, Time: 00:08:43

Health: -10/31     AC:  4    Str: 11    XL:     4   Next: 68%
Magic:  14/14      EV: 13    Int: 11    God:
Gold:   142        SH:  0    Dex: 17    Spells: 4/4 levels left

rFire   . . .        j - +2 dagger (venom)
rCold   . . .        (no shield)
rNeg    . . .        f - +0 robe
rPois   .            m - +0 helmet
rElec   +            (no cloak)
rCorr   .            (no gloves)
SInv    +            d - +0 pair of boots
Will    .....        (no amulet)
Stlth   ++           n - ring of magical power
HPRegen 0.25/turn    (no ring)
MPRegen 0.14/turn

%: no passive effects
@: no status effects
A: talons 1, see invisible, electricity resistance
a: no special abilities


You were on level 3 of the Dungeon.
You visited 1 branch of the dungeon, and saw 3 of its levels.

You collected 142 gold pieces.

Inventory:

Hand Weapons
 a - a +0 falchion of venom
 i - a +2 antimagic dagger
 j - a +2 dagger of venom (weapon)
 l - a +4 short sword
 r - a +0 dagger of speed
Missiles
 q - 2 throwing nets (quivered)
Armour
 d - a +0 pair of boots (worn)
 f - a +0 robe (worn)
 m - a +0 helmet (worn)
Magical Staves
 h - a staff of earth
 p - the staff of earth "Poem" {Will- Str+4 Int+3 Stlth+}
   (You found it on level 2 of the Dungeon)

   [staff of earth]

   Base accuracy: +5 Base damage: 5 Base attack delay: 1.2 This weapon's minimum
   attack delay (0.6) is reached at skill level 12.
   Str:       It affects your strength (+4).
   Int:       It affects your intelligence (+3).
   Will:      It decreases your willpower.
   Stlth:     It makes you more stealthy.
   It falls into the 'Staves' category.
   It is a one-handed weapon.
Jewellery
 n - a ring of magical power (left hand)
Potions
 b - a potion of berserk rage
 e - a potion of attraction
 g - 3 potions of mutation
 k - 2 potions of brilliance
 o - a potion of curing


   Skills:
 * Level 0.6 Fighting
 * Level 2.3 Long Blades
 * Level 1.0 Armour
 + Level 3.3 Dodging
 * Level 2.2 Stealth
 - Level 3.4 Unarmed Combat
 * Level 0.7 Spellcasting
 * Level 0.6 Earth Magic
 + Level 1.1 Invocations


You had 4 spell levels left.
You didn't know any spells.
Your spell library contained the following spells:

 Spells                   Type           Power      Damage    Failure   Level
 Scorch                   Fire           0%         2d5       45%         2
 Volatile Blastmotes      Fire/Tloc      0%         2d10      69%         3
 Flame Wave               Conj/Fire      0%         2d4       97%         4
 Fulminant Prism          Conj/Hex       0%         3d5       97%         4
 Iskenderun's Mystic Bla  Conj/Tloc      0%         2d3       97%         4
 Lee's Rapid Deconstruct  Erth           0%         3d4*      100%        5
 Summon Cactus Giant      Summ           0%         N/A       100%        6
 Malign Gateway           Summ/Tloc      0%         N/A       100%        7
 Summon Horrible Things   Summ           0%         N/A       100%        8


Dungeon Overview and Level Annotations

Branches:
Dungeon (3/15)

Altars:
Lugonu


Innate Abilities, Weirdness & Mutations

You have sharp toenails.
You have supernaturally acute eyesight. (SInv)
You are resistant to electric shocks. (rElec)


Message History

There is a stone staircase leading up here.
Found a large runed translucent door.
Found a corrupted altar of Lugonu.
The kobold shouts!
You hear a shout!
As you open the large door, it creaks loudly!
You hear a shout! x2
A kobold comes into view. It is wielding a +0 whip of distortion.
The kobold barely misses you.
There is a large open translucent door here.
You closely miss the kobold. You hit the kobold.
You kill the kobold!
Things that are here:
a +0 dagger; 8 poisoned darts The kobold hits you with a +0 whip of distortion.
Space warps horribly around you!!
Ouch! That really hurt!
* * * LOW HITPOINT WARNING * * *
You hit the kobold but do no damage.
The kobold hits you with a +0 whip of distortion.
* * * LOW HITPOINT WARNING * * *
You blink.
A kobold comes into view.
It is wielding a +0 short sword of distortion.
You feel much better.
You start resting.
A kobold is nearby!
You hit the kobold but do no damage.
The kobold is poisoned.
The kobold hits you with a +0 whip of distortion.
Space warps around you.
The kobold hits you with a +0 short sword of distortion.
Space warps around you.
You hit the kobold.
The kobold looks as sick as possible!
The kobold is heavily wounded.
The kobold closely misses you. The kobold misses you.
You hit the kobold.
You kill the kobold!
The kobold barely misses you. The kobold hits you but does no damage.
Space warps horribly around you!!
Ouch! That really hurt!
You die...

+# ## .# ##§# .#
.§§# ##.##..§##
##.##..§§§§
#.####..'...§§§#
#.....@K')..§§#
######.####....#
#.#.# ...##
#...# #### ###.#
#.# #.# #.# #.#
##########


You could see a kobold.

Vanquished Creatures
  An adder (D:2)
  A worm (D:2)
  3 dart slugs
  4 ball pythons
  5 endoplasms (D:1)
  2 giant cockroaches (D:2)
  10 goblins
  A hobgoblin (D:2)
  11 jackals
  4 kobolds
  2 quokkas
  2 bats
  5 frilled lizards
  4 rats
55 creatures vanquished.

Notes
Turn   | Place    | Note
-------+----------+-------------------------------------------
     0 | D:1      | Sans23 the Human Wanderer began the quest for the Orb.
     0 | D:1      | Sans23 set off with the following items: a +0 falchion, a
                  | potion of berserk rage, a potion of heal wounds, a +0 pair
                  | of boots, a potion of attraction, a +0 robe.
     0 | D:1      | Reached XP level 1. HP: 13/13 MP: 1/1
   181 | D:1      | Reached XP level 2. HP: 19/19 MP: 2/2
   196 | D:1      | Gained mutation: You are resistant to electric shocks.
                  | (rElec) [potion of mutation]
   196 | D:1      | Gained mutation: You have sharp toenails. [potion of
                  | mutation]
   196 | D:1      | Gained mutation: You have supernaturally acute eyesight.
                  | (SInv) [potion of mutation]
   438 | D:1      | Reached XP level 3. HP: 24/24 MP: 3/3
  1123 | D:2      | Reached XP level 4. HP: 27/31 MP: 4/4
  1543 | D:2      | Reached skill level 1 in Armour
  1750 | D:2      | Identified the staff of earth "Poem" {Will- Str+4 Int+3
                  | Stlth+}
  1927 | D:3      | Found a large runed translucent door.
  1928 | D:3      | Found a large runed translucent door.
  1928 | D:3      | Found a corrupted altar of Lugonu.
  1937 | D:3      | HP: 1/31 [kobold/+0 whip of distortion (5)]
  1946 | D:3      | Mangled by a kobold

Illustrated notes

Levels and vault maps discovered:
D:1:      scummos_arrival_forest, layout_basic, minmay_heptomino_h4
D:2:      layout_basic, chequers_serial_rivers_room_a
D:3:      due_chaos_kobolds, layout_loops_corners, roderic_lattice_a,
          kennysheep_generic_room_10

Skill      XL: |  1  2  3  4 |
---------------+-------------+-----
Stealth        | 2 |  2.2
Armour         | 1 |  1.0
Fighting       | |  0.6
Long Blades    | |  2.3
Dodging        | |  3.3
Unarmed Combat | |  3.4
Spellcasting   | |  0.7
Earth Magic    | |  0.6
Invocations    | |  1.1

Action                     |  1- 3 |  4- 6 || total
---------------------------+-------+-------++-------
  Melee: Falchion          |    10 |       ||    10
         Dagger            |    55 |    63 ||   118
         Punch             |     2 |     1 ||     3
    Use: Scroll            |     4 |     2 ||     6
         Potion            |     1 |     1 ||     2
   Stab: Sleeping          |     6 |     1 ||     7
 Armour: Robe              |    17 |    30 ||    47
  Dodge: Dodged            |    52 |    79 ||   131

Table legend: (Time is in decaauts)
 A = Elapsed time spent in this place.
 B = Non-inter-level travel time spent in this place.
 C = Inter-level travel time spent in this place.
 D = Time resting spent in this place.
 E = Time spent auto-exploring this place.
 F = Levels seen in this place.
 G = Mean time per level.
                   A        B        C        D        E       F      G
               +--------+--------+--------+--------+--------+-----+--------+
         Total |   1939 |   1732 |    207 |      7 |      0 |   3 |  646.3 |
       Dungeon |   1939 |   1732 |    207 |      7 |      0 |   3 |  646.3 |
               +--------+--------+--------+--------+--------+-----+--------+

Top non-repeatable levels by time:
     D:1: 980 daAuts
     D:2: 922 daAuts
     D:3: 37 daAuts
